 Dungeon Crawl Stone Soup version 0.30-a0-1016-gfb0d676c02 (webtiles) character file.

Game seed: 6868359875754690791

25 cheesebisquit the Trooper (level 2, -1/26 HPs)
             Began as a Draconian Monk on Apr 6, 2023.
             Slain by Sigmund
             ... wielding a +0 scythe
              (3 damage)
             ... on level 2 of the Dungeon.
             The game lasted 00:02:21 (847 turns).

cheesebisquit the Trooper (Draconian Monk)           Turns: 847, Time: 00:02:21

Health: -1/26      AC:  4    Str: 13    XL:     2   Next: 82%
Magic:  5/5        EV: 12    Int: 10    God:
Gold:   55         SH:  0    Dex: 13    Spells: 5/5 levels left

rFire   . . .      SeeInvis .    a - +0 hand axe
rCold   . . .      Faith    .    (no shield)
rNeg    . . .      Spirit   .    (body armour unavailable)
rPois   .          Reflect  .    (helmet restricted)
rElec   .          Rampage  .    (no cloak)
rCorr   .                        (no gloves)
Will    .....                    (no boots)
Stlth   ++                       (no amulet)
HPRegen 0.24/turn                (no ring)
MPRegen 0.09/turn                (no ring)

@: no status effects
A: AC +4, unfitting armour, cold-blooded
a: no special abilities


You were on level 2 of the Dungeon.
You visited 1 branch of the dungeon, and saw 2 of its levels.

You collected 55 gold pieces.

Inventory:

Hand Weapons
 a - a +0 hand axe (weapon)
Scrolls
 d - a scroll of enchant armour {unknown}
 e - a scroll of identify {unknown}
 f - a scroll of magic mapping {unknown}
 g - a scroll of blinking {unknown}
 h - a scroll of fear {unknown}
Potions
 b - a potion of ambrosia
 c - a potion of might {unknown}


   Skills:
 + Level 3.3 Fighting
 - Level 3.0 Axes
 - Level 2.6 Dodging
 - Level 1.7 Stealth
 - Level 2.2 Spellcasting


You had 5 spell levels left.
You didn't know any spells.
Your spell library was empty.

Dungeon Overview and Level Annotations

Branches:
Dungeon (2/15)

Altars:

Annotations:
D:2 Sigmund


Innate Abilities, Weirdness & Mutations

Your plain brown scales are hard. (AC +4)
You cannot fit into any form of body armour.
You are cold-blooded and may be slowed by cold attacks.


Message History

You closely miss the kobold.
Sigmund shouts!
You hear an angry hiss.
You hear a shout!
The kobold hits you but does no damage.
You closely miss the kobold.
Your tail-slap misses the kobold.
The kobold hits you with a +0 dagger.
You hit the goblin but do no damage.
Your tail-slap misses the goblin.
You hit the kobold but do no damage. The goblin barely misses you.
The kobold closely misses you.
Sigmund screams, "Die, monster!"
Sigmund casts a spell.
Sigmund flickers and vanishes!
Deactivating autopickup; reactivate with Ctrl-A.
You slash the goblin!
You kill the goblin!
You closely miss the kobold. The kobold barely misses you.
You hit the kobold.
The kobold is severely wounded.
The kobold hits you but does no damage. x2
You hit the kobold but do no damage.
Your tail-slap misses the kobold.
The kobold is severely wounded.
Something hits you! The kobold closely misses you.
Something completely misses you.
You are too injured to fight recklessly!
You are too injured to fight recklessly!
You are too injured to fight recklessly!
You hit the kobold.
The kobold is severely wounded.
A hobgoblin comes into view.
The kobold misses you. Something hits you.
You hit the kobold.
You kill the kobold!
An endoplasm comes into view.
Something hits you.
* * * LOW HITPOINT WARNING * * *
Something hits you.
* * * LOW HITPOINT WARNING * * *
Things that are here:
a +0 dagger; a stone; a kobold corpse Something hits you.
You die...

... #####. ##.. ####.....
#..#####.....##.
#######.#.............
#.......#.##..........
#.>.......##..........
#.......####..........
#.......## #..........
####...)@...###..........
#.....{)......#..........
...?..g....##..#.........
.#..J......# #.#
#..######## ... #.. .. ..
.


You could see an endoplasm (wandering) and a hobgoblin.

Vanquished Creatures
  A dart slug (D:1)
  An endoplasm (D:1)
  2 giant cockroaches
  4 goblins
  2 hobgoblins (D:1)
  A quokka (D:1)
  2 ball pythons (D:1)
  5 bats
  2 kobolds
  A rat (D:1)
21 creatures vanquished.

Notes
Turn   | Place    | Note
-------+----------+-------------------------------------------
     0 | D:1      | cheesebisquit the Draconian Monk began the quest for the
                  | Orb.
     0 | D:1      | Reached XP level 1. HP: 19/19 MP: 1/1
    44 | D:1      | Reached skill level 1 in Spellcasting
    65 | D:1      | Reached XP level 2. HP: 18/26 MP: 2/4
   149 | D:1      | Found a faded altar of an unknown god.
   837 | D:2      | Noticed Sigmund
   846 | D:2      | HP: 1/26 [something (4)]
   847 | D:2      | Slain by Sigmund

Illustrated notes

Levels and vault maps discovered:
D:1:      mrwooster_arrival_arrow, layout_basic,
          shapermc_ecumenical_altar_acropolis, minmay_hedge_maze
D:2:      layout_rooms, basic_altar, uniq_sigmund

Skill      XL: |  1  2 |
---------------+-------+-----
Spellcasting   | 1 2 |  2.2
Fighting       | |  3.3
Axes           | |  3.0
Dodging        | |  2.6
Stealth        | |  1.7

Action                     || total
---------------------------++-------
  Melee: Hand axe          ||    63
         Tailslap          ||    10
   Stab: Sleeping          ||     2
 Armour: Skin              ||    32
  Dodge: Dodged            ||    56

Table legend: (Time is in decaauts)
 A = Elapsed time spent in this place.
 B = Non-inter-level travel time spent in this place.
 C = Inter-level travel time spent in this place.
 D = Time resting spent in this place.
 E = Time spent auto-exploring this place.
 F = Levels seen in this place.
 G = Mean time per level.
                   A        B        C        D        E       F      G
               +--------+--------+--------+--------+--------+-----+--------+
         Total |    856 |    838 |     18 |      0 |    670 |   2 |  428.0 |
       Dungeon |    856 |    838 |     18 |      0 |    670 |   2 |  428.0 |
               +--------+--------+--------+--------+--------+-----+--------+

Top non-repeatable levels by time:
     D:1: 792 daAuts
     D:2: 63 daAuts
